 Dungeon Crawl Stone Soup version 0.29.1-1-gd02db6906a (webtiles) character file.

Game seed: 9773128050563538696

29046 Demigod47 the Bludgeoner (level 13, -11/127 HPs)
             Began as a Minotaur Fighter on Oct 10, 2022.
             Was a High Priest of Okawaru.
             Killed by divine providence
             ... invoked by a meliai
              (13 damage)
             ... on level 13 of the Dungeon.
             The game lasted 00:41:48 (15117 turns).

Demigod47 the Bludgeoner (Minotaur Fighter)        Turns: 15117, Time: 00:41:49

Health: -11/127    AC: 28    Str: 22 (24) XL:     13   Next: 13%
Magic:  13/13      EV:  8    Int:  4 (5)  God:    Okawaru [*****.]
Gold:   567        SH: 11    Dex: 14 (15) Spells: 12/12 levels left

rFire   . . .      SeeInvis +   v - +5 flail "Mud Pie of Death" {protect, Dex+3 SInv}
rCold   . . .      Faith    +   O - +0 kite shield
rNeg    . . .      Spirit   .   P - +0 plate armour
rPois   +          Reflect  .   (helmet restricted)
rElec   .          Harm     .   s - +0 cloak
rCorr   .          Rampage  .   G - +1 pair of gloves
Will    .....                   t - +0 pair of boots
Stlth   ..........              K - amulet of faith
HPRegen 0.31/turn               f - ring of poison resistance
MPRegen 0.13/turn               H - +4 ring of slaying

@: under a protective aura, invisible
A: horns 2, retaliatory headbutt, deterioration 2, robust 1
a: Renounce Religion, Heroism, Finesse, Duel


You were on level 13 of the Dungeon.
You worshipped Okawaru.
Okawaru was extremely pleased with you.
You visited 2 branches of the dungeon, and saw 14 of its levels.

You collected 567 gold pieces.

Inventory:

Hand Weapons
 v - the +5 flail "Mud Pie of Death" (weapon) {protect, Dex+3 SInv}
   (You found it on level 7 of the Dungeon)

   It grants its wielder temporary protection when it strikes (+7 to AC).
   Dex:       It affects your dexterity (+3).
   SInv:      It lets you see invisible.
 z - a +4 flail of holy wrath
Missiles
 q - 9 javelins (quivered)
 y - a throwing net
Armour
 c - a +0 buckler
 s - a +0 cloak (worn)
 t - a +0 pair of boots (worn)
 u - a +0 pair of boots
 B - a +4 ring mail of fire resistance
 G - a +1 pair of gloves (worn)
 O - a +0 kite shield (worn)
 P - a +0 plate armour (worn)
Jewellery
 f - a ring of poison resistance (left hand)
 g - an amulet of regeneration
 i - a ring of resist corrosion
 n - a ring of magical power
 H - a +4 ring of slaying (right hand)
 K - an amulet of faith (around neck)
 N - a ring of positive energy
Wands
 k - a wand of polymorph (13)
 l - a wand of roots (8)
 x - a wand of quicksilver (12)
Scrolls
 a - a scroll of amnesia
 j - a scroll of silence
 m - 3 scrolls of vulnerability
 o - 7 scrolls of teleportation
 p - 5 scrolls of immolation
 A - 2 scrolls of butterflies
 C - a scroll of magic mapping
 F - 2 scrolls of fear
 I - a scroll of summoning
 L - a scroll of enchant weapon
 M - a scroll of acquirement {unknown}
Potions
 b - a potion of cancellation
 d - 6 potions of might
 e - 8 potions of degeneration
 h - a potion of resistance
 r - a potion of attraction
 E - 5 potions of curing


   Skills:
 + Level 11.4 Fighting
 * Level 17.3 Maces & Flails
 + Level 0.5 Throwing
 + Level 12.1 Armour
 + Level 7.2 Dodging
 + Level 2.7 Stealth
 + Level 10.0 Shields
 + Level 0.8 Unarmed Combat
 + Level 1.8 Invocations


You had 12 spell levels left.
You didn't know any spells.
Your spell library contained the following spells:

 Spells                   Type           Power      Damage    Failure   Level
 Confusing Touch          Hex            0%         N/A       100%        3
 Airstrike                Air            0%         2d(0-16)  100%        4
 Blade Hands              Tmut           0%         N/A       100%        5
 Irradiate                Conj/Tmut      0%         3d11      100%        5
 Lightning Bolt           Conj/Air       0%         1d11      100%        5
 Yara's Violent Unravell  Hex/Tmut       0%         3d3       100%        5
 Dragon Form              Tmut           0%         N/A       100%        7
 Enfeeble                 Hex            0%         N/A       100%        7
 Summon Small Mammal      Summ           Unusable   N/A       N/A         1
 Call Canine Familiar     Summ           Unusable   N/A       N/A         3
 Summon Guardian Golem    Hex/Summ       Unusable   N/A       N/A         3
 Summon Lightning Spire   Summ/Air       Unusable   N/A       N/A         4

Dungeon Overview and Level Annotations

Branches:
Dungeon (13/15)            Temple (1/1) D:6            Lair (0/5) D:9
    Orc (0/2) D:12         Vaults (0/5) D:13

Altars:
Ashenzari
Cheibriados
Dithmenos
Elyvilon
Fedhas
Gozag
Hepliaklqana
Kikubaaqudgha
Makhleb
Nemelex Xobeh
Okawaru
Qazlal
Ru
Sif Muna
Trog
Uskayaw
Vehumet
Wu Jian
Xom
Yredelemnul
Zin
The Shining One

Shops:
D:9 (   D:12 =(*[

Annotations:
D:11 4 transporters


Innate Abilities, Weirdness & Mutations

You have a pair of horns on your head.
You reflexively headbutt those who attack you in melee.
Your body often deteriorates upon taking damage.
You are robust. (+10% HP)


Message History

You block the meliai's attack. The meliai barely misses you.
The meliai completely misses you. The meliai closely misses you.
You block the meliai's attack.
The meliai stings you but does no damage.
The meliai hits you with a +0 hand axe.
The meliai stings you but does no damage.
The meliai calls down the wrath of its god upon you.
Something smites you!
* * * LOW HITPOINT WARNING * * *
Your body deteriorates!
You feel dopey.
As you read the scroll of fear, it crumbles to dust.
You assume a fearsome visage.
The meliai looks frightened! x3
The meliai calls down the wrath of its god upon you.
Something smites you!
* * * LOW HITPOINT WARNING * * *
Your body deteriorates!
You feel weakened.
Okay, then.
Cornered, the meliai turns to fight!
The meliai mumbles some strange prayers to its god against you.
Something smites you!
* * * LOW HITPOINT WARNING * * *
There is an open door here.
The meliai hits you with a +0 hand axe.
* * * LOW HITPOINT WARNING * * *
You block the meliai's attack.
You fade into invisibility!
You block the meliai's attack.
The meliai stings you but does no damage.
You block the meliai's attack. The meliai stings you.
* * * LOW HITPOINT WARNING * * *
You sock the meliai!
Your weapon exudes an aura of protection.
The meliai is heavily wounded.
The meliai hits you with a +0 hand axe.
* * * LOW HITPOINT WARNING * * *
The meliai stings you.
* * * LOW HITPOINT WARNING * * *
The meliai mumbles some strange prayers to its god against you.
Something smites you!
You die...

..#.................†..........
..#...............##.......##.
..#.[............####.....##
..#.............## ##...##
###.##..##..##..## ###'###
###.##..##..##.).####.....##
.....#..#...#..)).##.#...#.#
.....#..#...#..)...#.......#
.....#..######..@y.'...∩...'....
##..##..# #'...(#.......#....
##..##..# ........##.#...#.##...
.#..<#...#...[...####.....## #..
.#...# #......## ###'### #.
###### #####..# ... # #... ....
. #.. ... ..


You could see a meliai (unable to see you).

Vanquished Creatures
  Josephine (D:10)
  3 vault guards (D:13)
  5 hydras
  A catoblepas (D:13)
  3 boulder beetles
  4 centaur warriors
  A tengu warrior (D:13)
  A deep elf pyromancer (D:12)
  A manticore (D:12)
  2 ugly things (D:12)
  A cyclops (D:13)
  Maurice (D:8)
  A gargoyle (D:12)
  A komodo dragon (D:13)
  4 unseen horrors
  2 kobold demonologists
  An efreet (D:13)
  3 meliai
  3 trolls
  A hornet (shapeshifter) (D:13)
  10 slime creatures (D:12)
  A shadow (D:11)
  A vampire (D:12)
  A water elemental (D:12)
  7 wraiths
  14 yaks
  A steam dragon (D:9)
  2 basilisks
  3 vampire mosquitoes (D:13)
  Edmund (D:5)
  An acid dragon (D:9)
  2 water moccasins
  3 orc warriors (D:12)
  7 ice beasts
  Duvessa (D:5)
  2 black bears
  3 ogres
  13 centaurs
  7 kobold brigands
  A bullfrog (D:8)
  A necrophage (D:8)
  6 gnoll sergeants
  3 wights (D:9)
  Dowan (D:5)
  5 killer bees
  6 howler monkeys
  3 electric eels
  2 hounds (D:6)
  5 orc priests
  Crazy Yiuf (D:3)
  5 jellies
  A gnoll bouda (D:8)
  Natasha (thrice) (D:2)
  3 iguanas
  9 orc wizards
  21 gnolls
  7 adders
  2 shadow imps
  A worm (D:5)
  A dart slug (D:1)
  54 orcs
  7 ball pythons
  7 bats
  3 endoplasms
  4 giant cockroaches
  12 goblins
  10 hobgoblins
  4 jackals (D:1)
  8 quokkas
  2 frilled lizards
  14 kobolds
  3 rats
  A toadstool (D:1)
336 creatures vanquished.

Vanquished Creatures (others)
  3 orcs (D:9)
  11 plants
  3 toadstools (D:1)
17 creatures vanquished.

Grand Total: 353 creatures vanquished

Notes
Turn   | Place    | Note
-------+----------+-------------------------------------------
     0 | D:1      | Demigod47 the Minotaur Fighter began the quest for the Orb.
     0 | D:1      | Reached XP level 1. HP: 19/19 MP: 0/0
   218 | D:1      | Reached XP level 2. HP: 19/27 MP: 1/1
   662 | D:1      | Reached XP level 3. HP: 33/33 MP: 2/2
   823 | D:2      | Found a faded altar of an unknown god.
   997 | D:2      | Noticed Natasha
  1003 | D:2      | Killed Natasha
  1004 | D:2      | Reached skill level 3 in Maces & Flails
  1004 | D:2      | Reached skill level 1 in Dodging
  1151 | D:2      | Noticed Natasha
  1162 | D:2      | Killed Natasha
  1163 | D:2      | Reached XP level 4. HP: 18/41 MP: 3/3
  1181 | D:2      | Reached skill level 4 in Maces & Flails
  1246 | D:2      | Noticed Natasha
  1250 | D:2      | Found a burning altar of Makhleb.
  1254 | D:2      | Killed Natasha
  1255 | D:2      | Reached XP level 5. HP: 45/47 MP: 4/4
  1925 | D:3      | Found a runed translucent door.
  1926 | D:3      | Noticed Crazy Yiuf
  2004 | D:3      | Found an opulent altar of Gozag.
  2563 | D:3      | Killed Crazy Yiuf
  2564 | D:3      | Reached skill level 5 in Maces & Flails
  2786 | D:4      | Reached XP level 6. HP: 15/55 MP: 5/5
  2862 | D:4      | Found a hide-covered altar of Uskayaw.
  3119 | D:4      | Reached skill level 5 in Armour
  3211 | D:4      | Found a shimmering altar of Xom.
  3445 | D:4      | Found a burning altar of Makhleb.
  3445 | D:4      | Noticed an Executioner
  3450 | D:4      | Noticed a smoke demon
  3450 | D:4      | Noticed a neqoxec
  3614 | D:5      | Entered Level 5 of the Dungeon
  3631 | D:5      | Noticed an ice beast
  3637 | D:5      | Killed an ice beast
  3638 | D:5      | Reached skill level 5 in Fighting
  3638 | D:5      | Reached skill level 6 in Maces & Flails
  3696 | D:5      | Reached XP level 7. HP: 26/61 MP: 6/6
  3775 | D:5      | Noticed Edmund
  3794 | D:5      | Killed Edmund
  3795 | D:5      | Reached skill level 7 in Maces & Flails
  3926 | D:5      | Noticed Duvessa
  3939 | D:5      | Killed Duvessa
  3940 | D:5      | Reached skill level 8 in Maces & Flails
  3976 | D:5      | Noticed Dowan
  3983 | D:5      | Killed Dowan
  3984 | D:5      | Reached XP level 8. HP: 68/68 MP: 7/7
  4471 | D:6      | Reached skill level 9 in Maces & Flails
  4705 | D:6      | Gained mutation: You have a pair of large horns on your
                  | head. [potion of mutation]
  4920 | D:6      | Found a staircase to the Ecumenical Temple.
  4929 | Temple   | Entered the Ecumenical Temple
  5672 | D:7      | Found a broken altar of Ashenzari.
  5754 | D:7      | Reached skill level 10 in Maces & Flails
  6155 | D:7      | Identified the +5 flail "Mud Pie of Death" {protect, Dex+3
                  | SInv}
  6379 | D:8      | Reached skill level 1 in Stealth
  6387 | D:8      | Reached XP level 9. HP: 52/75 MP: 8/8
  6393 | D:8      | Reached skill level 11 in Maces & Flails
  6398 | D:8      | Reached skill level 5 in Shields
  6497 | D:8      | Noticed Maurice
  6578 | D:8      | Killed Maurice
  6722 | D:8      | Reached skill level 12 in Maces & Flails
  7197 | D:8      | Found a shimmering blue altar of Sif Muna.
  7278 | D:9      | Found a blossoming altar of Fedhas.
  7439 | D:9      | Reached XP level 10. HP: 85/86 MP: 9/9
  7461 | D:9      | Found a staircase to the Lair.
  7505 | D:9      | Reached skill level 13 in Maces & Flails
  7671 | D:10     | Entered Level 10 of the Dungeon
  7857 | D:9      | Found a radiant altar of Vehumet.
  7926 | D:9      | Found Pumot's Antique Weapon Shoppe.
  8007 | D:9      | Reached skill level 14 in Maces & Flails
  8007 | D:9      | Reached skill level 5 in Dodging
  8012 | D:9      | Found a shadowy altar of Dithmenos.
  8414 | D:10     | Noticed Josephine
  8427 | D:10     | Killed Josephine
  8474 | D:10     | Noticed a six-headed hydra
  8492 | D:10     | Killed a six-headed hydra
  8493 | D:10     | Reached XP level 11. HP: 55/95 MP: 10/10
  8606 | D:10     | Found an ancient bone altar of Kikubaaqudgha.
  8635 | D:10     | Found a hazy altar of Hepliaklqana.
  8704 | D:10     | Found an iron altar of Okawaru.
  8711 | D:10     | Became a worshipper of Warmaster Okawaru
  8954 | D:11     | Noticed a boulder beetle
  8994 | D:11     | Killed a boulder beetle
  8995 | D:11     | Reached skill level 15 in Maces & Flails
  9471 | D:11     | Reached * piety under Okawaru
  9490 | D:11     | Found a transporter.
  9493 | D:11     | Found a transporter.
  9493 | D:11     | Found a transporter.
  9524 | D:11     | Lost mutation: You have a pair of large horns on your head.
                  | [potion of mutation]
  9524 | D:11     | Gained mutation: Your body sometimes deteriorates upon
                  | taking damage. [potion of mutation]
  9524 | D:11     | Gained mutation: Your body often deteriorates upon taking
                  | damage. [potion of mutation]
  9524 | D:11     | Gained mutation: You are robust. (+10% HP) [potion of
                  | mutation]
  9569 | D:11     | Found a transporter.
  9994 | D:12     | Noticed a brown ugly thing
 10003 | D:12     | Killed a brown ugly thing
 10080 | D:12     | Noticed a purple ugly thing
 10083 | D:12     | Noticed a seven-headed hydra
 10093 | D:12     | Killed a purple ugly thing
 10100 | D:12     | Killed a seven-headed hydra
 10100 | D:12     | Reached ** piety under Okawaru
 10452 | D:12     | Noticed a boulder beetle
 10468 | D:12     | Killed a boulder beetle
 10644 | D:12     | Reached *** piety under Okawaru
 10751 | D:12     | Noticed a deep elf pyromancer
 10762 | D:12     | Killed a deep elf pyromancer
 10763 | D:12     | Reached skill level 16 in Maces & Flails
 10834 | D:12     | Found Nesilef's Assorted Antiques.
 10836 | D:12     | Found Hupom's Jewellery Shop.
 10837 | D:12     | Found Cyleq's Antique Weapon Shop.
 10860 | D:12     | Reached skill level 10 in Fighting
 10860 | D:12     | Found Muwol's Armour Shop.
 10876 | D:12     | Reached **** piety under Okawaru
 11178 | D:12     | Reached XP level 12. HP: 116/116 MP: 11/11
 11297 | D:12     | Found a staircase to the Orcish Mines.
 11688 | D:12     | Reached skill level 1 in Invocations
 12115 | D:13     | Noticed a centaur warrior
 12134 | D:12     | Killed a centaur warrior
 12135 | D:12     | Reached skill level 10 in Armour
 12135 | D:12     | Reached ***** piety under Okawaru
 12543 | D:13     | Noticed a six-headed hydra
 12569 | D:12     | Killed a six-headed hydra
 12900 | D:13     | Noticed a centaur warrior
 12907 | D:13     | Killed a centaur warrior
 12931 | D:13     | Noticed a centaur warrior
 12964 | D:13     | Killed a centaur warrior
 13229 | D:13     | Noticed a seven-headed hydra
 13239 | D:13     | Killed a seven-headed hydra
 13239 | D:13     | Received a gift from Okawaru
 13529 | D:13     | Noticed a boulder beetle
 13553 | D:13     | Killed a boulder beetle
 13586 | D:13     | Noticed a catoblepas
 13629 | D:13     | Killed a catoblepas
 13959 | D:13     | Noticed a centaur warrior
 13963 | D:13     | Reached skill level 17 in Maces & Flails
 13967 | D:13     | Killed a centaur warrior
 13975 | D:13     | Noticed a vault guard
 13979 | D:13     | Noticed a vault guard
 13982 | D:13     | Noticed a vault guard
 14001 | D:13     | Killed a vault guard
 14022 | D:13     | Killed a vault guard
 14025 | D:13     | Killed a vault guard
 14025 | D:13     | Received a gift from Okawaru
 14376 | D:13     | Reached XP level 13. HP: 96/127 MP: 13/13
 14943 | D:13     | Reached skill level 10 in Shields
 15089 | D:13     | Found a gate to the Vaults.
 15116 | D:13     | HP: 5/127 [meliai/+0 hand axe (3)]
 15117 | D:13     | HP: 2/127 [meliai/+0 hand axe (1)]
 15117 | D:13     | Killed from afar by a meliai

Illustrated notes

Levels and vault maps discovered:
D:1:      ldierk_water_garden, layout_loops_ring
D:2:      layout_loops_corners, basic_altar, chequers_ecumenical_altar_simple,
          uniq_natasha
D:3:      layout_loops_ring, nicolae_gozag_seed_capital,
          guppyfry_early_lair_pool, uniq_crazy_yiuf_cottage
D:4:      layout_basic, makhleb_altar_promises_db,
          mainiacjoe_overflow_concentric_impassable,
          mainiacjoe_overflow_small_starburst
D:5:      layout_loops_ring, uniq_edmund, uniq_duvessa
D:6:      layout_basic, minmay_temple_entry_junction_2,
          kennysheep_cluttered_room
D:7:      layout_basic, evilmike_ruin_ashenzari
D:8:      minmay_general_purpose_star, layout_loops_ring,
          nicolae_sif_muna_little_library, hangedman_abyss_or_decor_lesser_grid,
          uniq_maurice
D:9:      minmay_twisted_water, layout_irregular_city, fedhas_altar_1,
          mainiacjoe_overflow_alcove_2, mainiacjoe_overflow_tiny_flanked,
          serial_shops, nicolae_shop_behind_doors
D:10:     layout_roguey, mainiacjoe_overflow_two_lobes, kennysheep_little_box,
          uniq_josephine
D:11:     layout_irregular_city, nicolae_diode_intersection
D:12:     layout_big_octagon, kennysheep_orc_monster_closet_entryway,
          serial_bayou, serial_bayou_lagoon_a, serial_bayou_pond_b,
          serial_bayou_pond_d, serial_bayou_shore_b, minmay_shop_grid_forest,
          minmay_misc_feat_x, grunt_decor_arrowhead
D:13:     layout_gridville, lightli_vaults_fourway_checkpoint,
          chequers_arboretum
Temple:   eino_wide_crystal_templ

Skill      XL: |  1  2  3  4  5  6  7  8  9 10 11 12 13 |
---------------+----------------------------------------+-----
Fighting       | 4 5 6 7 8 10 11 | 11.4
Armour         | 4 5 6 7 8 9 11 12 | 12.1
Maces & Flails | 3 4 5 6 8 10 12 14 16 17 | 17.3
Dodging        | 1 2 3 4 5 6 7 |  7.2
Shields        | 4 5 6 8 9 10 | 10.0
Stealth        | 1 2 |  2.7
Invocations    | 1 |  1.8
Throwing       | |  0.5
Unarmed Combat | |  0.8

Action                   |  1- 3 |  4- 6 |  7- 9 | 10-12 | 13-15 || total
-------------------------+-------+-------+-------+-------+-------++-------
Melee: Flail             |    84 |   164 |   235 |   524 |    45 ||  1052
       Headbutt          |     8 |    24 |    47 |   126 |    14 ||   219
       Unarmed           |       |       |     8 |       |       ||     8
Throw: Javelin           |       |       |     2 |       |       ||     2
Invok: Heroism           |       |       |       |     6 |     1 ||     7
       Finesse           |       |       |       |     2 |     1 ||     3
  Use: Potion            |     4 |     3 |     5 |    12 |     1 ||    25
       Scroll            |       |     2 |     5 |     5 |     2 ||    14
Armor: Scale mail        |    66 |    55 |    12 |       |       ||   133
       Ring mail         |       |       |    92 |   209 |       ||   301
       Skin              |       |       |    10 |       |       ||    10
       Plate armour      |       |       |       |   246 |    75 ||   321
Dodge: Dodged            |    72 |    81 |   102 |   406 |    33 ||   694
Block: Buckler           |    39 |    33 |    54 |   126 |       ||   252
       Kite shield       |       |       |       |   207 |    58 ||   265
